 Dungeon Crawl Stone Soup version 0.30-a0-860-g512cf1e979 (webtiles) character file.

Game seed: 200911039888002273

1 demibob the Vexing (level 1, 0/13 HPs)
             Began as a Demonspawn Wanderer on Mar 7, 2023.
             Slain by a hobgoblin (4 damage)
             ... on level 1 of the Dungeon.
             The game lasted 00:00:15 (55 turns).

demibob the Vexing (Demonspawn Wanderer)              Turns: 55, Time: 00:00:15

Health: 0/13       AC:  2    Str: 11    XL:     1   Next: 16%
Magic:  2/2        EV:  8    Int: 14    God:
Gold:   0          SH:  4    Dex: 12    Spells: 2/2 levels left

rFire   . . .      SeeInvis .    a - +0 dagger
rCold   . . .      Faith    .    d - +0 buckler
rNeg    . . .      Spirit   .    c - +0 robe
rPois   .          Reflect  .    (no helmet)
rElec   .          Rampage  .    (no cloak)
rCorr   .                        (no gloves)
Will    .....                    (no boots)
Stlth   ++                       (no amulet)
HPRegen 0.22/turn                (no ring)
MPRegen 0.08/turn                (no ring)

@: constricted
A: no striking features
a: no special abilities


You were on level 1 of the Dungeon.
You visited 1 branch of the dungeon, and saw 1 of its levels.


   Skills:
 + Level 1.0 Dodging
 + Level 1.0 Stealth
 + Level 1.7 Shields
 + Level 1.0 Spellcasting
 + Level 4.0 Hexes
 + Level 1.0 Ice Magic


You had 2 spell levels left.
You didn't know any spells.
Your spell library contained the following spells:

 Spells                   Type           Power      Damage    Failure   Level
 Slow                     Hex            44%        N/A       7%          1
 Freeze                   Ice            12%        1d3       22%         1
 Inner Flame              Hex/Fire       6%         N/A       41%         3
 Ozocubu's Armour         Ice            3%         N/A       56%         3
 Fulminant Prism          Conj/Hex       3%         3d5       83%         4

Inventory:

Hand Weapons
 a - a +0 dagger (weapon)
Armour
 c - a +0 robe (worn)
 d - a +0 buckler (worn)
Scrolls
 b - a scroll of fear

Dungeon Overview and Level Annotations

Branches:
Dungeon (1/15)

Altars:

#... .... #..
... # #.# ##.
#.# ....###.#
░..S.# ░░░@##
+.g..#
░░+░+░░░░.#
.........░.#
..░$8.░..░.#
...○≈.≈.....#
░.........░##
░..░...░..░
░.........░


You could see a hobgoblin and a ball python.


Message History

You hit the hobgoblin but do no damage. The hobgoblin hits you.
* * * LOW HITPOINT WARNING * * *
You are too injured to fight recklessly!
You are too injured to fight recklessly!
You are too injured to fight recklessly!
You are too injured to fight recklessly!
You are too injured to fight recklessly!
You are too injured to fight recklessly!
You are too injured to fight recklessly!
You are too injured to fight recklessly!
You are too injured to fight recklessly!
You are too injured to fight recklessly!
You are too injured to fight recklessly!
You are too injured to fight recklessly!
You are too injured to fight recklessly!
You are too injured to fight recklessly!
You are too injured to fight recklessly!
You are too injured to fight recklessly!
You are too injured to fight recklessly!
You are too injured to fight recklessly!
You hit the hobgoblin.
The hobgoblin is almost dead.
The hobgoblin hits you.
* * * LOW HITPOINT WARNING * * *
You hit the hobgoblin but do no damage.
The hobgoblin is severely wounded.
The ball python bites you but does no damage.
The ball python grabs you. The ball python constricts you.
The hobgoblin hits you.
You die...

Action                     || total
---------------------------++-------
  Melee: Dagger            ||    12
 Armour: Robe              ||     3
  Dodge: Dodged            ||     2
  Block: Buckler           ||     2

Levels and vault maps discovered:
D:1:      shiori_arrival_oz, layout_loops_ring, serial_shops, shop

Notes
Turn   | Place    | Note
-------+----------+-------------------------------------------
     0 | D:1      | demibob the Demonspawn Wanderer began the quest for the
                  | Orb.
     0 | D:1      | demibob set off with the following items: a +0 dagger, a
                  | scroll of fear, a +0 robe, a +0 buckler; and the following
                  | spells available to memorise: Slow, Freeze, Inner Flame,
                  | Ozocubu's Armour, Fulminant Prism.
     0 | D:1      | Reached XP level 1. HP: 13/13 MP: 2/2
    55 | D:1      | Slain by a hobgoblin

Vanquished Creatures
  An endoplasm (D:1)
1 creature vanquished.

Table legend: (Time is in decaauts)
 A = Elapsed time spent in this place.
 B = Non-inter-level travel time spent in this place.
 C = Inter-level travel time spent in this place.
 D = Time resting spent in this place.
 E = Time spent auto-exploring this place.
 F = Levels seen in this place.
 G = Mean time per level.
                   A        B        C        D        E       F      G
               +--------+--------+--------+--------+--------+-----+--------+
         Total |     55 |     55 |      0 |      0 |     37 |   1 |   55.0 |
       Dungeon |     55 |     55 |      0 |      0 |     37 |   1 |   55.0 |
               +--------+--------+--------+--------+--------+-----+--------+

Top non-repeatable levels by time:
     D:1: 55 daAuts

Table legend:
 A = Non-vault XP
 B = Vault XP
 C = Vault XP percentage of total XP
 D = Non-vault monster count
 E = Vault monster count
 F = Vault count percentage of total count
                 A         B        C        D         E       F
            +---------+---------+-------+---------+---------+-------
      Total |       2 |       0 |   0.0 |       1 |       0 |   0.0
            +---------+---------+-------+---------+---------+-------
        D:1 |       2 |       0 |   0.0 |       1 |       0 |   0.0
            +---------+---------+-------+---------+---------+-------
